 Dungeon Crawl Stone Soup version 0.26-a0-752-gcff87cac9a (webtiles) character file.

Game seed: 9669926963862834029

250350 Queen the Peltast (level 18, -9/116 HPs)
             Began as a Minotaur Fighter on Nov 5, 2020.
             Was a High Priest of the Shining One.
             Mangled by an acid blob (11 damage)
             ... created by the Royal Jelly
             ... on level 5 of the Pits of Slime on Nov 6, 2020.
             The game lasted 02:52:28 (41329 turns).

Queen the Peltast (Minotaur Fighter)               Turns: 41329, Time: 02:52:29

Health: -9/116     AC: 34    Str: 24    XL:     18   Next: 90%
Magic:  0/31       EV: 12    Int: 10    God:    the Shining One [*****.]
Gold:   3021       SH: 23    Dex: 19    Spells: 17/17 levels left

rFire    + + .     SeeInvis .   a - +5 eveningstar (protect)
rCold    + + +     Faith    +   Y - +0 tower shield {AC+3}
rNeg     + + .     Spirit   .   o - +7 plate armour {rF+}
rPois    +         Reflect  .   (helmet restricted)
rElec    .         Harm     .   c - scarf {rC+ rF+}
rCorr    +         Rampage  .   J - +2 pair of gloves of Inaction {MP+9 Int+2}
MR       +....     Rnd*Rage +   q - +2 pair of boots
Stlth    ..........             Q - amulet of faith
HPRegen  0.29/turn              D - ring "Fuocaquxt" {rPois rCorr Int+3 Slay+3}
MPRegen  0.22/turn              Z - ring of Taedgheru {rC++ Dex+6}

@: corroded, protection aura, glowing
A: retaliatory headbutt, horns 2, agile 1, berserk 1, blurry vision 2, deformed
body, deterioration 1, frail 3, low mp 2, weak 2, subdued magic 2
}: 2/15 runes: decaying, barnacled
a: Divine Shield, Cleansing Flame, Summon Divine Warrior, Renounce Religion


You were on level 5 of the Pits of Slime.
You worshipped the Shining One.
The Shining One was extremely pleased with you.
You visited 6 branches of the dungeon, and saw 32 of its levels.
You also visited: Sewer, Ossuary and Gauntlet.

You collected 3268 gold pieces.
You spent 247 gold pieces at shops.

Inventory:

Hand Weapons
 a - a +5 eveningstar of protection (weapon)
 b - a +2 mace of freezing
Armour
 c - a scarf of resistance (worn)
 o - a +7 plate armour of fire resistance (worn)
 q - a +2 pair of boots (worn)
 J - the +2 pair of gloves of Inaction (worn) {MP+9 Int+2}
   (You bought it in a shop on level 2 of the Orcish Mines)

   It affects your intelligence (+2).
   It affects your magic capacity (+9).
 Y - a +0 tower shield of protection (worn)
Jewellery
 v - an uncursed ring of positive energy
 x - an uncursed ring of protection from cold
 y - an uncursed ring of protection from fire
 A - an uncursed ring of protection from fire
 B - an uncursed ring of protection from fire
 D - the ring "Fuocaquxt" (left hand) {rPois rCorr Int+3 Slay+3}
   (You took it off a minotaur in a Gauntlet)

   [ring of resist corrosion]

   It affects your intelligence (+3).
   It affects your accuracy and damage with ranged weapons and melee attacks
   (+3).
   It protects you from poison.
   It provides partial protection from all sources of acid and corrosion.
 K - an uncursed ring of protection from cold
 Q - an amulet of faith (around neck)
 T - an uncursed ring of protection from fire
 Z - the ring of Taedgheru (right hand) {rC++ Dex+6}
   (You found it in a Gauntlet)

   [ring of dexterity]

   It affects your dexterity (+6).
   It greatly protects you from cold.
Wands
 k - a wand of acid (38)
 C - a wand of flame (86)
 G - a wand of iceblast (34)
 L - a wand of polymorph (45)
 M - a wand of paralysis (7)
Scrolls
 e - 9 scrolls of fog
 g - 6 scrolls of magic mapping
 i - 13 scrolls of teleportation
 j - 8 scrolls of remove curse
 n - 6 scrolls of blinking
 p - 6 scrolls of amnesia
 r - 3 scrolls of identify
 u - 8 scrolls of fear
 F - 3 scrolls of summoning
 H - 4 scrolls of holy word
 W - 4 scrolls of immolation
 X - 2 scrolls of brand weapon
Potions
 d - 8 potions of might
 h - 4 potions of berserk rage
 l - 6 potions of haste
 m - 5 potions of flight
 s - 4 potions of lignification
 t - 7 potions of brilliance
 w - 12 potions of curing
 z - a potion of mutation
 E - 2 potions of heal wounds
 O - 3 potions of magic


   Skills:
 + Level 16.1 Fighting
 + Level 18.3 Maces & Flails
 * Level 18.7 Armour
 + Level 8.3 Dodging
 + Level 19.8 Shields
 - Level 15.0 Invocations


You had 17 spell levels left.
You didn't know any spells.
Your spell library contained the following spells:

 Spells                   Type           Power        Failure   Level
 Beastly Appendage        Tmut           #.....       98%         1
 Corona                   Hex            #......      98%         1
 Foxfire                  Conj/Fire      #...         98%         1
 Freeze                   Ice            #...         98%         1
 Sting                    Tmut/Pois      #...         98%         1
 Corpse Rot               Necr/Air       N/A          99%         2
 Ensorcelled Hibernation  Hex/Ice        #.....       99%         2
 Poisonous Vapours        Pois/Air       #.....       99%         2
 Slow                     Hex            #.......     99%         2
 Sublimation of Blood     Necr           #.........   99%         2
 Wereblood                Tmut           #.......     99%         2
 Confusing Touch          Hex            #.......     100%        3
 Conjure Flame            Conj/Fire      #.......     100%        3
 Dazzling Flash           Conj/Hex       #.....       100%        3
 Frozen Ramparts          Ice            #.....       100%        3
 Gell's Gravitas          Tloc           #.........   100%        3
 Ignite Poison            Fire/Tmut/Pois #.......     100%        3
 Inner Flame              Hex/Fire       #.......     100%        3
 Mephitic Cloud           Conj/Pois/Air  #.......     100%        3
 Ozocubu's Armour         Ice            #.......     100%        3
 Portal Projectile        Hex/Tloc       #.....       100%        3
 Spider Form              Tmut/Pois      #.........   100%        3
 Stone Arrow              Conj/Erth      #.....       100%        3
 Tukima's Dance           Hex            #.......     100%        3
 Animate Dead             Necr           #.........   100%        4
 Cause Fear               Hex            #.........   100%        4
 Dispel Undead            Necr           #.......     100%        4
 Fulminant Prism          Conj/Hex       #.........   100%        4
 Hailstorm                Conj/Ice       #.......     100%        4
 Ice Form                 Ice/Tmut       #.......     100%        4
 Leda's Liquefaction      Hex/Erth       #.........   100%        4
 Olgreb's Toxic Radiance  Pois           #.......     100%        4
 Petrify                  Tmut/Erth      #.......     100%        4
 Sticky Flame             Conj/Fire      #.......     100%        4
 Summon Ice Beast         Ice/Summ       #.......     100%        4
 Agony                    Necr           #.......     100%        5
 Blade Hands              Tmut           #.........   100%        5
 Bolt of Magma            Conj/Fire/Erth #.........   100%        5
 Borgnjor's Vile Clutch   Necr/Erth      #.........   100%        5
 Excruciating Wounds      Necr           #.........   100%        5
 Fireball                 Conj/Fire      #.........   100%        5
 Iskenderun's Battlesphe  Conj           #.......     100%        5
 Lightning Bolt           Conj/Air       #.........   100%        5
 Metabolic Englaciation   Hex/Ice        #.........   100%        5
 Summon Demon             Summ           #.........   100%        5
 Summon Forest            Summ/Tloc      #.........   100%        5
 Summon Mana Viper        Hex/Summ       #.......     100%        5
 Yara's Violent Unravell  Hex/Tmut       #.........   100%        5
 Death Channel            Necr           #.........   100%        6
 Iron Shot                Conj/Erth      #.........   100%        6
 Shadow Creatures         Summ           N/A          100%        6
 Simulacrum               Ice/Necr       #.........   100%        6
 Starburst                Conj/Fire      #.........   100%        6
 Statue Form              Tmut/Erth      #........    100%        6
 Summon Hydra             Summ           #.........   100%        7
 Ignition                 Fire           #.........   100%        8
 Shatter                  Erth           #.........   100%        9


Dungeon Overview and Level Annotations

Branches:
Dungeon (11/15)            Temple (0/1) D:4            Lair (6/6) D:8
  Swamp (4/4) Lair:3       Shoals (4/4) Lair:3        Slime (5/5) Lair:5
    Orc (2/2) D:9             Elf (0/3) Orc:2         Sewer (visited)
Ossuary (visited)         Gauntlet (visited)
  Snake: Lair:2-4    Spider: Lair:2-4

Altars:
Elyvilon
Gozag
Makhleb
Okawaru
Ru
Wu Jian
Xom
Zin
The Shining One
Jiyva

Shops:
Orc:2 =(*[

Annotations:
Slime:5 Royal Jelly


Innate Abilities, Weirdness & Mutations

You reflexively headbutt those who attack you in melee.
You have a pair of horns on your head.
You are agile. (Dex +2)
You tend to lose your temper in combat.
Scrolls take you longer to read.
Armour fits poorly on your strangely shaped body.
Your body sometimes deteriorates upon taking damage.
You are extremely frail. (-30% HP)
Your magical capacity is very low. (-20% MP)
You are very weak. (Str -4)
Your spells are easier to cast, but less powerful.


Message History

Your angel is healed somewhat.
The acid blob spits acid at you. The splash of acid hits you. You resist.
* * * LOW HITPOINT WARNING * * *
The acid corrodes you!
You are splashed with acid.
You resist.
* * * LOW HITPOINT WARNING * * *
The azure jelly completely misses your angel.
The azure jelly hits your angel but does no damage.
The azure jelly misses your angel. The azure jelly hits your angel.
The acid blob hits your angel!
Your angel is splashed with acid!
Your angel seems to be corroded for longer.
You begin reading the scroll.
You continue reading the scroll.
Your angel hits the azure jelly with a +3 whip of holy wrath!
Your angel hits the azure jelly with a +3 whip of holy wrath.
Your angel gestures.
Your angel is healed somewhat.
You block the Royal Jelly's attack. x2; You block the azure jelly's attack. x2
The azure jelly hits you but does no damage. x2
The slime creature hits your angel! The acid blob hits you!
You die...

....# .................
...# #.# ?)$
#................ ..#
#..##[[ #...............
.## ##.#$)φ
##.............. .#
#.J##?} #..............
.# #.##=#(
#.............. .#
#..########..............
...
._.G#JAJ#JJ..............
.#.
..GJGJ#J@A#..............
.#
#..########..........^...
.# #.##)#=
#.............. .#
#.J##?: #..............
.## ##G#)"/
#.............. ..##
#..##$[ ...............
...## #.# ?$!
................ ....##
#. #!# .................
.....####
..................


You could see the Royal Jelly, 3 acid blobs, 2 azure jellies, a great orb of
eyes, 3 slime creatures, a shining eye, an eye of draining, a floating eye and 2
friendly angels.

Vanquished Creatures
  14 acid blobs
  5 krakens
  A thorn hunter (Swamp:4)
  Donald (Swamp:1)
  Roxanne (Shoals:2)
  6 azure jellies
  A fenstrider witch (Swamp:3)
  3 orc warlords (Orc:2)
  Aizul (Swamp:1)
  3 bunyips
  4 eleionomae
  3 merfolk impalers
  3 merfolk javelineers (Shoals:4)
  2 death oozes (Slime:3)
  An ogre mage (Orc:1)
  A great orb of eyes (Slime:1)
  2 shambling mangroves
  Erolcha (Orc:1)
  19 hydras
  A boulder beetle (D:11)
  A catoblepas (Lair:6)
  5 alligators
  The ghost of Rosaphim the Spear-Bearer, a journeyman FoFi of Hepliaklqana (Orc:1)
  6 merfolk avatars
  2 merfolk aquamancers
  An alligator snapping turtle (Shoals:4)
  6 two-headed ogres
  2 death yaks (Lair:2)
  3 orc high priests (Orc:2)
  4 goliath frogs
  11 sea snakes
  8 swamp dragons
  3 bog bodies
  6 spriggan druids
  A lindwurm (Lair:5)
  11 harpies
  4 orc knights (Orc:2)
  7 orc sorcerers
  An ugly thing (D:9)
  6 fauns
  2 oklob plants (Lair:1)
  8 shining eyes
  8 cyclopes
  8 manticores
  6 elephants
  Joseph (D:7)
  2 black mambas
  10 water nymphs
  6 merfolk sirens
  A gargoyle (Gauntlet)
  26 cane toads
  2 eyes of devastation
  A kobold demonologist (D:9)
  3 rime drakes
  5 komodo dragons
  6 wind drakes
  16 merfolk
  6 trolls
  142 slime creatures
  A polar bear (Lair:4)
  7 tyrant leeches
  10 blink frogs
  3 hornets
  13 dream sheep
  6 snapping turtles
  9 water elementals
  4 shadows
  2 wraiths
  6 wyverns
  5 spriggans
  48 yaks
  2 basilisks (Lair:3)
  5 hogs (Swamp:1)
  4 golden eyes (Slime:5)
  A neqoxec (D:9)
  2 vampire mosquitoes (Swamp:2)
  3 wargs
  12 swamp worms
  15 water moccasins
  8 swamp drakes
  39 orc warriors
  5 ice beasts
  7 phantoms
  6 eyes of draining
  5 sky beasts
  9 black bears
  13 wolves
  5 centaurs
  21 ogres
  3 big kobolds
  24 bullfrogs
  A wyvern zombie (D:11)
  A gnoll sergeant (Orc:1)
  6 scorpions
  5 killer bees (D:10)
  9 wights (D:10)
  An electric eel (D:8)
  3 howler monkeys (D:10)
  A lava snake (Lair:2)
  3 quasits (D:9)
  2 bullfrog zombies
  4 centaur zombies
  17 orc priests
  A centaur skeleton (D:8)
  6 hounds
  Crazy Yiuf (D:7)
  A gnoll shaman (Orc:2)
  12 jellies
  33 orc wizards
  3 bullfrog skeletons
  4 iguanas
  3 hell rats (Lair:6)
  10 worker ants
  3 big kobold zombies (Ossuary)
  A hound zombie (D:7)
  2 hound skeletons
  6 mummies (Ossuary)
  5 worker ant zombies
  15 gnolls
  A howler monkey skeleton (D:6)
  11 adders
  2 shadow imps
  3 white imps
  2 ufetubi
  5 oozes
  An adder zombie (D:9)
  2 adder skeletons
  4 worms
  2 dart slugs
  5 leopard geckos
  60 orcs
  4 ball pythons
  13 bats
  4 giant cockroaches
  5 goblins
  7 hobgoblins
  4 jackals (D:5)
  20 kobolds
  7 quokkas
  5 frilled lizards
  A hobgoblin zombie (Ossuary)
  A jackal skeleton (D:4)
  A quokka skeleton (D:4)
  9 rats
  8 tentacles
1070 creatures vanquished.

Vanquished Creatures (collateral kills)
  Jorgrun (Swamp:1)
  Kirke (Swamp:1)
  A thorn hunter (Swamp:1)
  A fenstrider witch (Swamp:1)
  Louise (Swamp:1)
  The ghost of Iguivvom the Warrior, a journeyman MiBe of Trog (Lair:6)
  An entropy weaver (Gauntlet)
  A minotaur (Gauntlet)
  2 merfolk javelineers
  A death ooze (Slime:5)
  A merfolk impaler (Shoals:4)
  A ghost crab (Swamp:3)
  A catoblepas (Gauntlet)
  5 hydras
  2 alligators
  A merfolk aquamancer (Shoals:4)
  2 orc high priests (Orc:2)
  The ghost of Execuda the Grappler, a novice MiFE of Okawaru (D:9)
  3 swamp dragons
  2 bog bodies
  4 harpies
  3 orc sorcerers
  3 orc knights (Orc:2)
  3 fauns (Shoals:1)
  2 will-o-the-wisps
  A cyclops (Shoals:1)
  A manticore (Shoals:1)
  4 elephants (Lair:2)
  2 black mambas
  3 merfolk sirens
  2 molten gargoyles (Gauntlet)
  9 cane toads
  3 rime drakes (Lair:6)
  5 komodo dragons
  A merfolk (Shoals:1)
  A polar bear (Lair:6)
  2 jumping spiders (Gauntlet)
  4 hornets (Swamp:1)
  7 tyrant leeches
  8 blink frogs
  3 dream sheep (Shoals:1)
  2 snapping turtles (Shoals:2)
  2 spriggans (Swamp:1)
  A water elemental (Shoals:2)
  A wyvern (Lair:6)
  3 basilisks
  22 yaks
  A neqoxec (D:9)
  6 vampire mosquitoes (Lair:6)
  A warg (Orc:2)
  A swamp worm (Swamp:1)
  5 water moccasins
  20 orc warriors (Orc:2)
  A swamp drake (Lair:3)
  2 ogres (Orc:2)
  6 bullfrogs
  An electric eel (Lair:6)
  8 orc priests (Orc:2)
  10 orc wizards (Orc:2)
  A hell rat (Lair:6)
  3 gnolls (Orc:1)
  17 orcs
215 creatures vanquished.

Vanquished Creatures (others)
  2 bloated husks
  A water elemental (Shoals:3)
  A vampire mosquito (Swamp:2)
  A swamp drake (Swamp:2)
  3 orcs (Orc:2)
  17 foxfires
  35 fungi
  117 plants
  27 tentacles
  8 toadstools (Swamp:1)
212 creatures vanquished.

Grand Total: 1497 creatures vanquished

Notes
Turn   | Place    | Note
-------+----------+-------------------------------------------
     0 | D:1      | Queen the Minotaur Fighter began the quest for the Orb.
     0 | D:1      | Reached XP level 1. HP: 19/19 MP: 0/0
    42 | D:1      | You fall into a shaft and drop 1 floor!
    80 | D:2      | Reached XP level 2. HP: 20/27 MP: 1/1
   356 | D:1      | Reached skill level 4 in Shields
   657 | D:1      | You fall into a shaft and drop 1 floor!
   663 | D:2      | Reached XP level 3. HP: 30/33 MP: 2/2
  1448 | D:2      | Reached XP level 4. HP: 33/40 MP: 3/3
  2118 | D:3      | Found a glowing drain.
  2129 | Sewer    | Entered a sewer
  2184 | Sewer    | Noticed a water moccasin
  2194 | Sewer    | Killed a water moccasin
  2194 | Sewer    | Reached skill level 1 in Dodging
  2194 | Sewer    | Reached skill level 5 in Shields
  2194 | Sewer    | Reached XP level 5. HP: 41/47 MP: 4/4
  2429 | D:3      | Reached skill level 5 in Armour
  2429 | D:3      | Reached XP level 6. HP: 51/53 MP: 5/5
  2716 | D:3      | Reached skill level 5 in Maces & Flails
  2884 | D:3      | Found a glowing golden altar of the Shining One.
  2884 | D:3      | Found an ornate altar of the Wu Jian Council.
  2884 | D:3      | Found an iron altar of Okawaru.
  2886 | D:3      | Found an opulent altar of Gozag.
  2892 | D:3      | Became a worshipper of the Shining One
  2989 | D:3      | Reached skill level 5 in Fighting
  3349 | D:4      | Reached XP level 7. HP: 61/61 MP: 6/6
  3614 | D:4      | Reached skill level 1 in Invocations
  3899 | D:4      | Found a staircase to the Ecumenical Temple.
  4080 | D:5      | Entered Level 5 of the Dungeon
  4167 | D:5      | Reached skill level 6 in Shields
  4536 | D:5      | Found a sacrificial altar of Ru.
  4673 | D:5      | Reached * piety under the Shining One
  4710 | D:5      | Reached XP level 8. HP: 56/69 MP: 8/8
  5826 | D:6      | Reached ** piety under the Shining One
  5986 | D:6      | Reached XP level 9. HP: 73/75 MP: 9/11
  6092 | D:6      | Reached skill level 7 in Shields
  6734 | D:7      | Found a sand-covered staircase.
  6743 | Ossuary  | Entered an ossuary
  6780 | Ossuary  | Reached *** piety under the Shining One
  7355 | D:7      | Noticed Joseph
  7366 | D:7      | Reached skill level 5 in Invocations
  7377 | D:7      | Killed Joseph
  7624 | D:7      | Noticed a cyclops
  7636 | D:7      | Killed a cyclops
  7851 | D:7      | Found a runed translucent door.
  7852 | D:7      | Noticed Crazy Yiuf
  7896 | D:7      | Killed Crazy Yiuf
  7990 | D:7      | Reached skill level 8 in Shields
  7990 | D:7      | Reached XP level 10. HP: 84/84 MP: 13/13
  8189 | D:8      | Found a staircase to the Lair.
  8898 | D:8      | Got a polished leather armour
  8909 | D:8      | Identified the cursed +0 leather armour of Imperfection
                  | {Str+4 Int-5} (You found it on level 8 of the Dungeon)
  8909 | D:8      | Lost intelligence.
  9245 | D:8      | Reached skill level 10 in Maces & Flails
  9442 | D:9      | Found a staircase to the Orcish Mines.
  9593 | D:9      | Noticed a cyan ugly thing
  9595 | D:9      | Reached **** piety under the Shining One
  9605 | D:9      | Killed a cyan ugly thing
  9671 | D:9      | Gained mutation: You are frail. (-10% HP) [potion of
                  | mutation]
  9671 | D:9      | Lost mutation: You are frail. (-10% HP) [potion of
                  | mutation]
  9679 | D:9      | Gained mutation: Your spells are a little easier to cast,
                  | but a little less powerful. [mutagenic glow]
  9702 | D:9      | Got a steaming leather armour
  9703 | D:9      | Identified the +1 leather armour of Vampiric Thralls {rF+}
                  | (You found it on level 9 of the Dungeon)
  9742 | D:9      | Reached skill level 9 in Shields
  9777 | D:9      | Found a transporter.
  9810 | D:9      | Found a transporter.
  9814 | D:9      | Noticed Execuda's ghost (novice MiFE)
 10070 | D:9      | Got an encrusted hand axe
 10190 | D:9      | Found a burning altar of Makhleb.
 10193 | D:9      | Found a glowing silver altar of Zin.
 10196 | D:9      | Found a white marble altar of Elyvilon.
 10297 | D:10     | Entered Level 10 of the Dungeon
 10313 | D:10     | Reached XP level 11. HP: 93/93 MP: 15/15
 10543 | D:10     | Reached skill level 5 in Dodging
 10644 | D:10     | Reached ***** piety under the Shining One
 10825 | D:10     | Noticed a two-headed ogre
 10846 | D:10     | Killed a two-headed ogre
 10860 | D:10     | Noticed a two-headed ogre
 10868 | D:10     | Killed a two-headed ogre
 10868 | D:10     | Reached skill level 10 in Shields
 11194 | D:11     | Noticed a two-headed ogre
 11201 | D:11     | Killed a two-headed ogre
 11291 | D:11     | Noticed a two-headed ogre
 11299 | D:11     | Killed a two-headed ogre
 11367 | D:11     | Noticed a boulder beetle
 11387 | D:11     | Killed a boulder beetle
 11397 | D:11     | Noticed an eight-headed hydra
 11413 | D:11     | Killed an eight-headed hydra
 11429 | D:11     | Reached XP level 12. HP: 83/103 MP: 17/17
 11530 | D:11     | Reached skill level 11 in Shields
 11588 | D:11     | Noticed a two-headed ogre
 11591 | D:11     | Killed a two-headed ogre
 11803 | Lair:1   | Entered Level 1 of the Lair of Beasts
 12026 | Lair:1   | Found a shimmering altar of Xom.
 12056 | Lair:1   | Found a gate leading to a gauntlet.
 12063 | Gauntlet | Entered a Gauntlet
 12063 | Gauntlet | Found a transporter.
 12066 | Gauntlet | Found a transporter.
 12066 | Gauntlet | Noticed a blizzard demon
 12068 | Gauntlet | Noticed an entropy weaver
 12086 | Gauntlet | Noticed an entropy weaver
 12087 | Gauntlet | Found a runed translucent gate.
 12088 | Gauntlet | Found a transporter.
 12088 | Gauntlet | Found a runed translucent gate.
 12089 | Gauntlet | Found a runed translucent gate.
 12096 | Gauntlet | Found a transporter.
 12099 | Gauntlet | Found a transporter.
 12115 | Gauntlet | Killed an entropy weaver
 12148 | Gauntlet | Noticed a catoblepas
 12170 | Gauntlet | Killed a catoblepas
 12188 | Gauntlet | Found a transporter.
 12281 | Gauntlet | Identified the ring "Fuocaquxt" {rPois rCorr Int+3 Slay+3}
 12281 | Gauntlet | Noticed a minotaur
 12294 | Gauntlet | Killed a minotaur
 12307 | Gauntlet | Got a shimmering turquoise ring
 12309 | Gauntlet | Identified the Collected Works on Confrontation
 12322 | Gauntlet | Got a jewelled kite shield
 12340 | Gauntlet | Identified the cursed +0 kite shield of Indomitability
                  | {rElec Int+4} (You found it in a Gauntlet)
 12594 | Lair:1   | Noticed a five-headed hydra
 12632 | Lair:1   | Killed a five-headed hydra
 12633 | Lair:1   | Identified the ring of Taedgheru {rC++ Dex+6} (You found it
                  | in a Gauntlet)
 13026 | Lair:2   | Reached skill level 12 in Shields
 13132 | Lair:2   | Noticed a seven-headed hydra
 13140 | Lair:2   | Killed a seven-headed hydra
 13140 | Lair:2   | Reached skill level 10 in Fighting
 13140 | Lair:2   | Reached skill level 10 in Invocations
 13140 | Lair:2   | Reached XP level 13. HP: 86/113 MP: 19/19
 13301 | Lair:2   | Got a brightly glowing ring mail
 13485 | Lair:2   | Reached skill level 10 in Armour
 14097 | Lair:3   | Found a staircase to the Swamp.
 14125 | Lair:3   | Found a staircase to the Shoals.
 14986 | Lair:4   | Reached skill level 13 in Shields
 16153 | Lair:5   | Reached XP level 14. HP: 115/122 MP: 21/21
 16261 | Lair:5   | Found a staircase to the Slime Pits.
 16596 | Lair:6   | Entered Level 6 of the Lair of Beasts
 16775 | Lair:6   | Reached skill level 14 in Shields
 16851 | Lair:6   | Got a clouded ivory amulet
 18087 | Lair:6   | Found a runed translucent gate.
 18088 | Lair:6   | Found a runed translucent gate.
 18088 | Lair:6   | Noticed Iguivvom's ghost (journeyman MiBe)
 18089 | Lair:6   | Found a runed translucent gate.
 18112 | Lair:6   | Killed Iguivvom's ghost
 18637 | Lair:1   | Reached skill level 15 in Maces & Flails
 18650 | Lair:1   | Identified the amulet "Hutax" {Inacc +Fly rF++ rN+ Str-3}
                  | (You found it on level 6 of the Lair of Beasts)
 19042 | D:9      | Killed Execuda's ghost
 19177 | Swamp:1  | Entered Level 1 of the Swamp
 19177 | Swamp:1  | Noticed Donald
 19205 | Swamp:1  | Killed Donald
 19245 | Swamp:1  | Noticed Jorgrun
 19254 | Swamp:1  | Noticed a fenstrider witch
 19258 | Swamp:1  | Killed Jorgrun
 19260 | Swamp:1  | Killed a fenstrider witch
 19391 | Swamp:1  | Noticed a thorn hunter
 19401 | Swamp:1  | Killed a thorn hunter
 19518 | Swamp:1  | Reached skill level 15 in Shields
 19522 | Swamp:1  | Noticed Kirke
 19543 | Swamp:1  | Killed Kirke
 19543 | Swamp:1  | Reached XP level 15. HP: 132/133 MP: 15/23
 19574 | Swamp:1  | Noticed Aizul
 19579 | Swamp:1  | Noticed Louise
 19597 | Swamp:1  | Killed Aizul
 19616 | Swamp:1  | Killed Louise
 20186 | Swamp:2  | Identified a scroll of acquirement
 20187 | Swamp:2  | Acquired a manual of Armour
 21724 | Swamp:4  | Entered Level 4 of the Swamp
 22149 | Swamp:4  | Noticed a fenstrider witch
 22206 | Swamp:3  | Killed a fenstrider witch
 22206 | Swamp:3  | Reached skill level 16 in Shields
 22514 | Swamp:4  | Noticed a thorn hunter
 22732 | Swamp:4  | Killed a thorn hunter
 22732 | Swamp:4  | Reached XP level 16. HP: 131/143 MP: 25/25
 22945 | Swamp:4  | Got a decaying rune of Zot
 23418 | Orc:1    | Entered Level 1 of the Orcish Mines
 23591 | Orc:1    | Found a transporter.
 23591 | Orc:1    | Noticed Rosaphim's ghost (journeyman FoFi)
 23666 | Orc:1    | Noticed Erolcha
 23680 | Orc:1    | Killed Erolcha
 23820 | Orc:1    | Found a transporter.
 23980 | Orc:1    | Killed Rosaphim's ghost
 24047 | Orc:2    | Entered Level 2 of the Orcish Mines
 25004 | Orc:2    | Found a staircase to the Elven Halls.
 25097 | Orc:2    | Reached skill level 15 in Armour
 25270 | Orc:2    | Found Xiaqoedd's General Store.
 25271 | Orc:2    | Found Gaureeraa's Jewellery Boutique.
 25273 | Orc:2    | Found Binewogg's Antique Armour Shop.
 25273 | Orc:2    | Found Eschotua's Antique Weapon Shop.
 25380 | Orc:2    | Bought a pair of encrusted gloves for 247 gold pieces
 25557 | Orc:2    | Identified the +2 pair of gloves of Inaction {MP+9 Int+2}
                  | (You bought it in a shop on level 2 of the Orcish Mines)
 25903 | Shoals:1 | Entered Level 1 of the Shoals
 25909 | Shoals:1 | Reached skill level 17 in Shields
 26319 | Shoals:1 | Noticed a kraken
 26347 | Shoals:1 | Killed a kraken
 27283 | Shoals:2 | Noticed Roxanne
 27310 | Shoals:2 | HP: 3/145 [water nymph/the raging water (30)]
 27712 | Shoals:2 | Noticed a kraken
 27732 | Shoals:2 | Killed a kraken
 27741 | Shoals:2 | Noticed a kraken
 27757 | Shoals:2 | Reached XP level 17. HP: 52/151 MP: 26/26
 28076 | Shoals:2 | Killed a kraken
 28361 | Shoals:2 | Noticed a kraken
 28378 | Shoals:2 | Killed a kraken
 28779 | Shoals:2 | Noticed a kraken
 28804 | Shoals:2 | Killed a kraken
 29180 | Shoals:2 | Killed Roxanne
 30429 | Shoals:4 | Entered Level 4 of the Shoals
 30520 | Shoals:4 | Reached skill level 18 in Shields
 32290 | Shoals:4 | Got a barnacled rune of Zot
 33547 | Slime:1  | Entered Level 1 of the Pits of Slime
 33549 | Slime:1  | Gained mutation: You are frail. (-10% HP) [a shining eye]
 33550 | Slime:1  | Noticed an acid blob
 33553 | Slime:1  | Gained mutation: Armour fits poorly on your strangely
                  | shaped body. [a shining eye]
 33556 | Slime:1  | Gained mutation: You are very frail. (-20% HP) [a shining
                  | eye]
 33561 | Slime:1  | Gained mutation: You are agile. (Dex +2) [a shining eye]
 33569 | Slime:1  | Gained mutation: Your body sometimes deteriorates upon
                  | taking damage. [a shining eye]
 33578 | Lair:5   | Killed an acid blob
 34122 | Slime:1  | Gained mutation: Scrolls take you a little longer to read.
                  | [a shining eye]
 34126 | Slime:1  | Gained mutation: You are weak. (Str -2) [a shining eye]
 34127 | Slime:1  | Gained mutation: Your spells are easier to cast, but less
                  | powerful. [a shining eye]
 34129 | Slime:1  | Gained mutation: Your magical capacity is low. (-10% MP) [a
                  | shining eye]
 34131 | Slime:1  | Gained mutation: You tend to lose your temper in combat. [a
                  | shining eye]
 34138 | Slime:1  | Noticed an acid blob
 34155 | Slime:1  | Killed an acid blob
 34381 | Slime:1  | Noticed an acid blob
 34385 | Slime:1  | Reached XP level 18. HP: 121/128 MP: 25/25
 34398 | Slime:1  | Reached skill level 15 in Invocations
 34780 | Slime:2  | Gained mutation: You are very weak. (Str -4) [a shining
                  | eye]
 34903 | Slime:2  | Gained mutation: You are extremely frail. (-30% HP) [a
                  | shining eye]
 34923 | Slime:1  | Reached skill level 15 in Fighting
 36108 | Slime:3  | Reached skill level 19 in Shields
 38342 | Slime:4  | Reached ****** piety under the Shining One
 39493 | Slime:4  | Gained mutation: Scrolls take you longer to read. [a
                  | shining eye]
 39520 | Slime:4  | Gained mutation: Your magical capacity is very low. (-20%
                  | MP) [a shining eye]
 39678 | Slime:5  | Entered Level 5 of the Pits of Slime
 41315 | Slime:5  | Noticed the Royal Jelly
 41316 | Slime:5  | Found a viscous altar of Jiyva.
 41317 | Slime:5  | Found the +8 demon blade "Leech" {vamp, *Rage +Rage rN+}
 41328 | Slime:5  | HP: 2/116 [acid[the Royal Jelly] (5)]
 41329 | Slime:5  | Mangled by an acid blob

Illustrated notes

Levels and vault maps discovered:
D:1:      psy_arrival_spokes, layout_loops_ring
D:2:      layout_basic, minmay_misc_feat_square
D:3:      layout_loops_ring, chequers_temple_overflow_statue_of_worship,
          cheibrodos_sewer_entry_drain
D:4:      layout_loops_cross, minmay_temple_entry_proselytizer
D:5:      layout_loops_corners, nicolae_overflow_crystal_walls, serial_rivers,
          chequers_serial_rivers_room_a, chequers_serial_rivers_large_b,
          chequers_serial_rivers_large_a, chequers_serial_rivers_micro_e,
          chequers_serial_rivers_small_b, hangedman_decor_diamond_cutter
D:6:      layout_rooms, serial_rivers, chequers_serial_rivers_room_b,
          chequers_serial_rivers_room_b, chequers_serial_rivers_small_b,
          chequers_serial_rivers_micro_b, chequers_serial_rivers_small_3,
          chequers_serial_rivers_micro_e, minmay_fractal_squares_5
D:7:      layout_cave_pods, enter_ossuary_3, uniq_joseph,
          uniq_crazy_yiuf_cottage
D:8:      layout_layer_cave, lair_entry_dummy, kennysheep_pointless_box
D:9:      minmay_the_grid_square_5x5_3x3 [minmay_the_grid_square_5x5_gyroscope,
          minmay_the_grid_square_5x5_beaten_path,
          minmay_the_grid_square_5x5_seven, minmay_the_grid_square_5x5_meh,
          minmay_the_grid_square_5x5_megaprize_checkered,
          minmay_the_grid_square_5x5_minibox,
          minmay_the_grid_square_5x5_inverted_slash,
          minmay_the_grid_square_5x5_trominoes,
          minmay_the_grid_square_5x5_shrine1], layout_long_grid,
          grunt_temple_overflow_diamond, david_orc_3, gammafunk_ghost_stat_death
D:10:     layout_loops_ring, kennysheep_kite_vault
D:11:     layout_roguey
Lair:1:   layout_cave_pods, basic_altar, gauntlet_entry_generic,
          minmay_lair_oklob_chamber, grunt_megastairs_5
Lair:2:   layout_gridlike
Lair:3:   layout_gridlike, minmay_swamp_entry_reptiles, shoals_dummy_entry
Lair:4:   layout_regular_city, grunt_megastairs_3
Lair:5:   layout_gridlike, slime_dummy, gammafunk_lair_bear_cave
Lair:6:   minmay_lair_end_frog_pond, layout_cave_pods,
          gammafunk_ghost_hydra_chop, minmay_lair_drake_nest
Swamp:1:  cheibrodos_swamp_tower_of_moss, layout_basic_swamp,
          evilmike_swamp_ruin_house_5, uniq_louise, uniq_aizul, uniq_kirke,
          uniq_donald, uniq_jorgrun
Swamp:2:  layout_basic_swamp, serial_swamp_ruin, hangedman_swamp_ruin_hall,
          evilmike_swamp_ruin_house_1, swamp_pool5
Swamp:3:  layout_basic_swamp, infiniplex_staircase_pool_2
Swamp:4:  swamp, layout_basic_swamp
Shoals:1: layout_shoals
Shoals:2: layout_shoals, nicolae_shoals_kraken_party, uniq_roxanne
Shoals:3: layout_shoals, nicolae_shoals_so_close
Shoals:4: shoals_end_hangedman, layout_shoals
Slime:1:  layout_caves
Slime:2:  layout_caves
Slime:3:  layout_caves, nicolae_slime_welcoming_committee
Slime:4:  layout_caves
Slime:5
Orc:1:    layout_caves, gammafunk_ghost_arena, mines4_lemuel, uniq_erolcha
Orc:2:    st_orc_congregation, layout_caves, minmay_orc_treasury

Skill      XL: |  1  2  3  4  5  6  7  8  9 10 11 12 13 14 15 16 17 18 |
---------------+-------------------------------------------------------+-----
Armour         | 4 5 6 7 8 9 11 12 13 15 17 18 | 18.7
Fighting       | 4 5 6 7 8 10 12 13 14 16 | 16.1
Shields        | 4 5 6 8 9 10 12 13 15 16 17 18 19 | 19.8
Maces & Flails | 3 4 5 6 7 9 11 12 13 14 15 16 17 18 | 18.3
Dodging        | 1 2 3 4 6 7 8 |  8.3
Invocations    | 2 4 5 6 8 10 11 12 13 14 15 | 15.0

Action                   |  1- 3 |  4- 6 |  7- 9 | 10-12 | 13-15 | 16-18 || total
-------------------------+-------+-------+-------+-------+-------+-------++-------
Melee: Flail             |    37 |       |       |       |       |       ||    37
       Headbutt          |    11 |    18 |    65 |   128 |   312 |   549 ||  1083
       Whip              |    41 |   148 |   329 |   307 |       |       ||   825
       Mace              |       |       |     7 |   354 |   759 |       ||  1120
       Unarmed           |       |       |       |       |     3 |       ||     3
       Eveningstar       |       |       |       |       |   269 |  1761 ||  2030
Invok: Summon Divine War |       |       |       |     3 |    14 |    17 ||    34
       Divine Shield     |       |       |       |     1 |     5 |    11 ||    17
       Cleansing Flame   |       |       |       |       |       |     6 ||     6
  Use: Scroll            |       |       |    15 |     8 |    13 |    10 ||    46
       Potion            |       |       |       |    16 |       |     6 ||    22
Armor: Scale mail        |    28 |    48 |    71 |    29 |       |       ||   176
       Leather armour    |       |       |       |   128 |       |       ||   128
       Crystal plate arm |       |       |       |    43 |   253 |       ||   296
       Plate armour      |       |       |       |       |   172 |   770 ||   942
Dodge: Dodged            |    18 |    38 |    73 |   232 |   259 |   517 ||  1137
Block: Kite shield       |    27 |    69 |   117 |   353 |   303 |       ||   869
       Tower shield      |       |       |       |       |   430 |  2041 ||  2471

Table legend: (Time is in decaauts)
 A = Elapsed time spent in this place.
 B = Non-inter-level travel time spent in this place.
 C = Inter-level travel time spent in this place.
 D = Time resting spent in this place.
 E = Time spent auto-exploring this place.
 F = Levels seen in this place.
 G = Mean time per level.
                   A        B        C        D        E       F      G
               +--------+--------+--------+--------+--------+-----+--------+
         Total |  41231 |  39093 |   2138 |   9429 |  20847 |  35 | 1178.0 |
       Dungeon |  11521 |  10900 |    621 |    827 |   8004 |  11 | 1047.4 |
          Lair |   7338 |   6498 |    840 |    593 |   4349 |   6 | 1223.0 |
         Swamp |   4280 |   4051 |    229 |    829 |   1999 |   4 | 1070.0 |
        Shoals |   7801 |   7626 |    175 |   2761 |   3420 |   4 | 1950.2 |
    Slime Pits |   7299 |   7170 |    129 |   4111 |   1661 |   5 | 1459.8 |
  Orcish Mines |   2215 |   2074 |    141 |     41 |   1253 |   2 | 1107.5 |
         Sewer |    284 |    284 |      0 |    176 |     66 |   1 |  284.0 |
       Ossuary |    181 |    181 |      0 |      0 |     93 |   1 |  181.0 |
      Gauntlet |    307 |    307 |      0 |     90 |      0 |   1 |  307.0 |
               +--------+--------+--------+--------+--------+-----+--------+

Top non-repeatable levels by time:
Shoals:4: 3037 daAuts
Shoals:2: 2148 daAuts
 Slime:2: 2074 daAuts
 Slime:4: 1876 daAuts
 Slime:3: 1777 daAuts
  Lair:6: 1732 daAuts
  Lair:4: 1585 daAuts
   Orc:2: 1550 daAuts
     D:8: 1461 daAuts
Shoals:1: 1452 daAuts
     D:5: 1385 daAuts
     D:7: 1346 daAuts
 Swamp:3: 1297 daAuts
  Lair:1: 1237 daAuts
Shoals:3: 1163 daAuts
